Map: Persephone LE

Players

Serral - Winner!

  • Race: Zerg Zerg
  • Spawn Location: 7:00

Cosmiccow

  • Race: Protoss Protoss
  • League: Master
  • Spawn Location: 11:00

VOD

Have the link to the VOD?

Description

Time

  • Played on: May 23, 2025, 7:01 p.m.
  • Length: 6:56
Show
View Real Time Build Order
Export as new Build Order

Serral Zerg - Winner!

Build Orders: Hatch First 

Get SALT Encoding   

  12  0:00  Drone  
  13  0:07  Drone  
  14  0:14  Extractor, Drone  
  15  0:22  Overlord  
  15  0:42  Drone  
  16  0:44  Hatchery  
  16  0:49  Drone  
  16  0:52  Drone  
  16  0:56  Drone  
  18  1:05  Extractor  
  18  1:11  Spawning Pool  
  16  1:14  Drone  
  16  1:17  Drone  
  18  1:27  Drone  
  19  1:37  Drone  
  20  1:48  Drone  
  21  1:57  Queen x2  
  21  1:58  Zergling x2, Overlord  
  26  2:07  Drone  
  27  2:10  Drone  
  27  2:11  Metabolic Boost  
  28  2:18  Drone  
  28  2:20  Drone  
  30  2:30  Drone  
  30  2:31  Drone  
  30  2:33  Queen  
  34  2:43  Hatchery  
  33  2:46  Overlord  
  33  2:51  Drone  
  33  2:54  Zergling x2  
  33  2:57  Drone  
  36  3:02  Overlord  
  36  3:07  Drone x4  
  36  3:09  Drone x2  
  36  3:10  Drone  
  43  3:20  Queen  
  43  3:21  Drone  
  43  3:24  Queen  
  48  3:27  Drone  
  48  3:29  Overlord  
  48  3:33  Overlord  
  49  3:35  Zergling x2  
  49  3:38  Zergling x2  
  49  3:39  Drone  
  52  3:43  Overlord  
  52  3:48  Overlord  
  52  3:52  Zergling x8  
  52  3:55  Drone  
  57  3:56  Spore Crawler  
  57  3:59  Drone  
  57  4:03  Drone  
  57  4:04  Lair  
  57  4:07  Drone  
  57  4:09  Drone x3  
  62  4:11  Drone  
  62  4:14  Drone x2  
  62  4:15  Drone  
  65  4:18  Overlord  
  65  4:19  Drone  
  65  4:22  Spore Crawler  
  65  4:24  Drone  
  66  4:25  Drone  
  66  4:30  Drone  
  66  4:31  Roach Warren  
  67  4:34  Drone  
  67  4:37  Drone  
  67  4:38  Drone  
  70  4:43  Overlord  
  70  4:44  Drone x5  
  75  4:49  Drone x3  
  75  4:50  Drone  
  75  4:52  Drone  
  80  4:57  Extractor  
  80  4:58  Extractor  
  80  4:59  Drone  
  78  5:01  Drone x2  
  78  5:06  Overseer  
  79  5:09  Extractor  
  79  5:12  Extractor x2, Drone x3  
  79  5:13  Glial Reconstitution  
  79  5:16  Drone x2  
  79  5:17  Evolution Chamber, Drone  
  81  5:22  Overlord  
  81  5:23  Roach x2  
  84  5:28  Hatchery  
  84  5:32  Overlord  
  84  5:34  Drone  
  84  5:35  Roach x2, Drone x2  
  90  5:36  Roach x2  
  90  5:40  Overlord  
  94  5:44  Overlord  
  94  5:47  Spire  
  91  5:51  Queen, Drone  
  91  5:55  Roach  
  98  5:58  Roach  
  98  6:00  Overlord  
  98  6:02  Overlord  
  102  6:05  Queen  
  102  6:06  Queen  
  102  6:13  Zergling x4  
  105  6:18  Zergling x6  
  105  6:24  Zergling x12  
  113  6:32  Overlord  
  115  6:33  Zergling x6  
  115  6:36  Zergling x4  
  115  6:37  Zergling x2  
Show
View Real Time Build Order
Export as new Build Order

Cosmiccow Protoss 

Build Orders: 1 Gate Expand, Oracle Opening 

Get SALT Encoding   

  12  0:00  Probe  
  13  0:12  Probe  
  14  0:17  Pylon  
  14  0:24  Probe  
  15  0:32  Probe  
  15  0:39  Gateway  
  15  0:40  Probe  
  16  0:46  Assimilator  
  17  0:51  Probe  
  18  1:03  Probe  
  19  1:15  Probe  
  20  1:23  Nexus  
  20  1:35  Cybernetics Core  
  20  1:37  Probe  
  21  1:45  Assimilator  
  21  1:49  Pylon  
  21  1:51  Probe  
  22  2:01  Adept  
  22  2:03  Probe  
  25  2:15  Probe  
  25  2:19  Stargate  
  26  2:23  Adept  
  26  2:27  Warp Gate  
  26  2:28  Probe  
  27  2:32  Probe  
  30  2:40  Probe x2  
  31  2:50  Probe  
  32  2:52  Probe  
  34  3:02  Probe, Void Ray  
  34  3:04  Probe  
  40  3:14  Probe  
  40  3:16  Probe  
  42  3:23  Gateway  
  42  3:24  Adept  
  42  3:26  Pylon  
  42  3:27  Probe  
  45  3:28  Probe  
  46  3:44  Probe x2, Oracle  
  51  3:56  Probe x2  
  51  3:57  Nexus  
  51  3:59  Pylon  
  53  4:05  Assimilator  
  53  4:07  Assimilator  
  53  4:08  Probe  
  54  4:17  Probe  
  54  4:20  Probe  
  56  4:24  Fleet Beacon  
  56  4:29  Probe, Forge  
  57  4:32  Probe  
  57  4:37  Stargate  
  58  4:39  Pylon  
  58  4:41  Probe  
  58  4:44  Probe  
  58  4:45  Adept  
  60  4:55  Tempest  
  60  4:57  Probe x2  
  58  5:12  Pylon  
  62  5:14  Pylon  
  62  5:15  Nexus  
  62  5:23  Probe  
  62  5:29  Tempest  
  62  5:30  Probe, Tempest  
  62  5:35  Probe  
  68  5:38  Adept x2  
  68  5:42  Probe  
  77  5:45  Nexus  
  77  5:47  Pylon  
  76  5:54  Probe x2  
  78  6:06  Probe  
  78  6:07  Probe  
  84  6:18  Void Ray  
  84  6:19  Probe x2  
  86  6:31  Pylon, Twilight Council  
  86  6:33  Pylon  
  86  6:34  Assimilator  
  86  6:37  Assimilator  
  86  6:42  Shield Battery  
Tags
 
Add a new tag
Caveats
  • Supply blocks, unpowered buildings, or Contaminate may cause inaccurate times.
  • Supply counts are checked every 10 seconds.